 Dungeon Crawl Stone Soup version 0.18-a0-1507-g69458e0 (webtiles) character file.

38 GrosslyIncandescent the Insei (level 3, -9/29 HPs)
             Began as a Mummy Monk on Mar 5, 2016.
             Mangled by a red ugly thing (31 damage)
             ... on level 1 of the Dungeon.
             The game lasted 00:02:22 (5586 turns).

GrosslyIncandescent the Insei (Mummy Monk)          Turns: 5586, Time: 00:02:23

Health: -9/29      AC:  2    Str: 14    XL:     3   Next: 25%
Magic:  3/3        EV:  8    Int:  9    God:
Gold:   30         SH:  0    Dex: 15    Spells: 0 memorised, 2 levels left

rFire  x . .     SeeInvis .       - Unarmed
rCold  + . .     Gourm    .     (no armour)
rNeg   + + +     Faith    .     (no shield)
rPois  ∞         Spirit   .     (no helmet)
rElec  .         Dismiss  .     c - +1 cloak {rPois}
rCorr  .         Reflect  .     (no gloves)
SustAt .         Harm     .     (no boots)
MR     .....                    (no amulet)
Stlth  ++........               (no ring)
                                (no ring)

@: not resistant to hostile enchantments, unstealthy
A: no food or potions, fire vulnerability, cold resistance 1, negative energy
resistance 3, torment resistance, unbreathing
a: no special abilities


You were on level 1 of the Dungeon.
You were not hungry.

You visited 1 branch of the dungeon, and saw 1 of its levels.

You collected 30 gold pieces.


Innate Abilities, Weirdness & Mutations

You do not eat or drink.
Your flesh is vulnerable to fire.
You are immune to poison.
Your flesh is cold resistant.
You are immune to negative energy.
You are immune to unholy pain and torment.
You can survive without breathing.


   Skills:
 - Level 3.0 Fighting
 - Level 2.4 Dodging
 - Level 1.5 Stealth
 + Level 4.2 Unarmed Combat


You had 2 spell levels left.
You didn't know any spells.

Inventory:

Armour
 c - a +1 cloak of poison resistance (worn)
Scrolls
 a - 3 scrolls of identify {unknown}
 b - a scroll of remove curse {unknown}

Dungeon Overview and Level Annotations

Branches:
Dungeon (1/15)

Altars:

▒▒.÷.........▒▒.▒'▒ ▒.▒▒▒▒▒▒.▒▒
.......▒▒▒▒▒▒▒▒.▒.▒▒▒.▒ ▒▒.▒▒
▒▒.▒▒▒.............l..▒ ▒▒.▒▒ ▒.▒
▒▒▒▒▒▒▒▒▒▒..▒.▒▒▒▒ ▒▒.. ▒.▒
▒..▒.▒ ▒▒▒ ▒.▒ ▒▒▒▒▒..▒l▒▒▒ ▒▒.▒
▒..........▒ ▒▒.▒ ▒.▒▒▒.u▒.▒.▒
.▒.▒ ▒▒.▒▒▒.M▒.▒.▒ ...▒
▒▒...▒▒..▒.▒.▒ .▒.▒
▒▒▒.....▒b.▒.▒.▒ .▒.▒▒
▒..........▒.▒.▒▒ .▒..▒
▒.......b▒e▒..▒.▒▒▒▒▒▒▒▒▒▒▒ ▒▒▒.▒
▒........▒.▒.▒▒▒...........
▒▒▒.▒▒▒..>.g...▒.▒▒.▒.▒▒▒▒▒▒▒▒▒▒▒
.▒...................▒▒
.▒..▒▒▒........▒.▒▒▒▒▒


You could see a red ugly thing, a deep elf mage (wandering), a hobgoblin, 2 bats
and a giant newt.


Message History

The jackal misses you! The jackal bites you!
A giant gecko comes into view!
The jackal misses you! The jackal misses you! The jackal bites you!
A red ugly thing comes into view!
The jackal barely misses you!
A hobgoblin comes into view! It is wielding a club!
The hobgoblin shouts!!!
The jackal barely misses you!
The red ugly thing gurgles horribly!!!
The jackal misses you! The jackal closely misses you!
The red ugly thing completely misses you!
The giant newt bites you!
The jackal bites you but does no damage!
The giant newt hisses menacingly!
The jackal bites you but does no damage!
There is an open door here!
The giant newt hisses menacingly!
A deep elf mage comes into view! It is wielding a long sword!
A bat comes into view!
A bat and a hobgoblin come into view!
The hobgoblin shouts!!!
There is a stone staircase leading down here!
The red ugly thing tail-slaps you!
You are engulfed in flames!!!!!!
The fire burns you terribly!!!
DANG rip

Action                   || total
-------------------------++-------
Melee: Unarmed           ||    80
 Stab: Sleeping          ||     5

Vault maps used:
D:1:      lemuel_arrival_rhombus, hangedman_decor_peaks_small

Notes
Turn   | Place    | Note
--------------------------------------------------------------
     0 | D:1      | GrosslyIncandescent the Mummy Monk began the quest for the Orb.
     0 | D:1      | Reached XP level 1. HP: 18/18 MP: 1/1
   306 | D:1      | Reached XP level 2. HP: 20/24 MP: 2/2
   670 | D:1      | Reached skill level 4 in Unarmed Combat
  3083 | D:1      | Reached XP level 3. HP: 29/29 MP: 3/3
  5508 | D:1      | Noticed an ice beast
  5513 | D:1      | Noticed a shadow
  5550 | D:1      | Noticed a red ugly thing
  5583 | D:1      | Noticed a deep elf mage
  5586 | D:1      | Mangled by a red ugly thing

Vanquished Creatures
  A gnoll (D:1)
  A dart slug (D:1)
  2 giant cockroaches (D:1)
  5 goblins (D:1)
  6 hobgoblins (D:1)
  2 jackals (D:1)
  2 bats (D:1)
  2 giant newts (D:1)
  2 kobolds (D:1)
  A rat (D:1)
24 creatures vanquished.
